 Dungeon Crawl Stone Soup version 0.16.2-2-g470672f (webtiles) character file.

50 hannobal the Stinger (level 3, -1/26 HPs)
             Began as a Draconian Venom Mage on Aug 31, 2015.
             Slain by an orc wizard
             ... wielding a +0 dagger
              (4 damage)
             ... on level 2 of the Dungeon.
             The game lasted 00:09:33 (2424 turns).

hannobal the Stinger (Draconian Venom Mage)         Turns: 2424, Time: 00:09:33

Health: -1/26      AC: 10    Str: 10    XL:     3   Next: 55%
Magic:  1/6        EV: 12    Int: 16    God:
Gold:   55         SH:  0    Dex: 11    Spells: 2 memorised, 3 levels left

rFire  . . .     SeeInvis .     a - +0 mace (protect)
rCold  . . .     Clarity  .     (armour unavailable)
rNeg   . . .     SustAb   .     (no shield)
rPois  .         Gourm    .     (helmet restricted)
rElec  .         Spirit   .     (no cloak)
rCorr  .         Warding  .     (no gloves)
rMut   .         Stasis   .     (no boots)
MR     .....                    (no amulet)
Stlth  ++........               (no ring)
                                r - ring of invisibility

@: not resistant to hostile enchantments, unstealthy
A: unfitting armour, cold-blooded, AC +5
a: Evoke Invisibility


You were on level 2 of the Dungeon.
You were hungry.

You visited 1 branch of the dungeon, and saw 3 of its levels.

You collected 55 gold pieces.

Inventory:

Hand weapons
 a - a +0 mace of protection (weapon)
 d - a +0 long sword
 i - a +0 whip
 m - a +2 dagger of venom
 q - a +0 spear
Missiles
 e - 18 bolts of frost
 j - 46 stones (quivered)
 k - 34 arrows
 p - 19 poisoned needles
Jewellery
 r - a ring of invisibility (left hand)
Scrolls
 h - 2 scrolls of enchant armour
 o - a scroll of teleportation
Potions
 g - a potion of flight
Books
 b - a Young Poisoner's Handbook

   Spells                             Type                      Level
   a - Sting                          Conjuration/Poison           1
   b - Cure Poison                    Poison                       2
   c - Mephitic Cloud                 Conjuration/Poison/Air       3
   d - Olgreb's Toxic Radiance        Poison                       4
   e - Venom Bolt                     Conjuration/Poison           5
Comestibles
 c - a bread ration {@e1}
 f - 4 fruits


   Skills:
 - Level 0.8 Maces & Flails
 - Level 1.7 Dodging
 - Level 1.7 Stealth
 - Level 2.0 Spellcasting
 + Level 3.0 Conjurations
 - Level 4.0 Poison Magic


You had 3 spell levels left.
You knew the following spells:

 Your Spells              Type           Power        Failure   Level  Hunger
c - Cure Poison           Pois           ##........   8%          2    ###....
z - Sting                 Conj/Pois      ##..         6%          1    #......


Dungeon Overview and Level Annotations

Branches:
Dungeon (3/15)

Altars:
Ru


Innate Abilities, Weirdness & Mutations

Your plain brown scales are hard (AC +5).
Your body does not fit into most forms of armour.
Your cold-blooded metabolism reacts poorly to cold.


Message History

You are confused.
Something hits you but does no damage.
You closely miss something.
Your tail-slap misses something.
You hear some strange, mumbled words.
Something tries to affect you, but you resist.
You bump into the rock wall.
Something hits you.
* * * LOW HITPOINT WARNING * * *
Your magical contamination has completely faded away.
You are feeling hungry.
You miss something.
Your tail-slap misses something.
Something hits you but does no damage.
You bump into the rock wall.
Something completely misses you.
Drink which item? (? for menu, Esc to quit)
Okay, then.
You're too confused!
You bump into the rock wall.
Something hits you but does no damage.
You barely miss something.
You feel less confused. Something hits you.
You die...

### ### #.############.#
#.........@{...#
####.############.# #.##.# #.#
#.##.######### #.#
#.##.##......# #.#
#.##.##......# #.#
#.##.##).....####{############
#.##.##>......)...............
#.##.##.###.#####.##..........


There were no monsters in sight!

Vanquished Creatures
  A giant mite (D:1)
  2 giant geckos (D:1)
  2 orcs
  5 bats (D:1)
  3 giant cockroaches
  5 goblins
  5 hobgoblins (D:1)
  2 jackals (D:2)
  5 kobolds
  A quokka (D:2)
  3 giant newts
  3 rats
37 creatures vanquished.

Notes
Turn   | Place    | Note
--------------------------------------------------------------
     0 | D:1      | hannobal, the Draconian Venom Mage, began the quest for the Orb.
     0 | D:1      | Reached XP level 1. HP: 14/14 MP: 3/3
   258 | D:1      | Reached skill level 1 in Conjurations
   347 | D:1      | Reached XP level 2. HP: 14/20 MP: 0/4
   355 | D:1      | Learned a level 2 spell: Cure Poison
   855 | D:1      | Reached XP level 3. HP: 26/26 MP: 1/6
  1460 | D:2      | Found a sacrificial altar of Ru.
  2424 | D:2      | Slain by an orc wizard

Action                   || total
-------------------------++-------
Melee: Unarmed           ||     8
       Club              ||     4
       Whip              ||     2
       Mace              ||    15
 Cast: Sting             ||    86
  Use: Scroll            ||     6
       Potion            ||     5
  Eat: Chunk             ||     6
